 Dungeon Crawl Stone Soup version 0.17.1-1-g73c8601 (console) character file.

72648 Kloppie the Severer (level 15, -6/217 HPs)
             Began as a Minotaur Berserker on Dec 22, 2015.
             Was the Champion of Trog.
             Mangled by an iron troll (14 damage)
             ... on level 13 of the Dungeon.
             The game lasted 00:45:50 (23620 turns).

Kloppie the Severer (Minotaur Berserker)           Turns: 23620, Time: 00:45:50

Health: -6/217     AC: 18    Str: 27    XL:     15   Next: 1%
Magic:  0/14       EV: 14    Int:  6    God:    Trog [******]
Gold:   1762       SH:  0    Dex: 14    Spells: 0 memorised, 14 levels left

rFire  + . .     SeeInvis .     a - +0 battleaxe (flame)
rCold  . . .     Clarity  .     g - +3 scale mail of Noughts and Crosses {rF+ Slay+6}
rNeg   . . .     SustAt   .     (shield currently unavailable)
rPois  +         Gourm    .     A - +2 hat
rElec  .         Spirit   +     G - +0 cloak
rCorr  .         Warding  .     (no gloves)
rMut   .         Stasis   .     L - +0 pair of boots
MR     +++..                    Q - amulet of guardian spirit
Stlth  ..........               q - +3 ring of slaying
                                v - ring of poison resistance

@: berserking, regenerating, slowed, extremely resistant to hostile
enchantments, extremely unstealthy
A: retaliatory headbutt, horns 2
a: Berserk, Trog's Hand, Brothers in Arms, Burn Spellbooks, Renounce Religion


You were on level 13 of the Dungeon.
You worshipped Trog.
Trog was exalted by your worship.
You were hungry.

You visited 3 branches of the dungeon, and saw 24 of its levels.
You also visited: Ice Cave.

You collected 2783 gold pieces.
You spent 1021 gold pieces at shops.

Inventory:

Hand Weapons
 a - a +0 battleaxe of flaming (weapon)
 b - a +1 battleaxe of freezing
 Y - a +3 antimagic executioner's axe
Missiles
 t - 7 javelins of penetration
 W - 8 javelins of returning (quivered)
Armour
 g - the +3 scale mail of Noughts and Crosses (worn) {rF+ Slay+6}
   (You bought it in a shop on level 4 of the Orcish Mines)

   It affects your accuracy and damage with ranged weapons and melee attacks
   (+6).
   It protects you from fire.
 A - a +2 hat (worn)
 G - a +0 cloak (worn)
 L - a +0 pair of boots (worn)
Jewellery
 f - an uncursed ring of teleportation
 h - an uncursed amulet of resist mutation
 q - a +3 ring of slaying (right hand)
 v - a ring of poison resistance (left hand)
 J - an uncursed ring of protection from fire
 Q - an amulet of guardian spirit (around neck)
 V - a ring of the Octopus King {SustAt AC+1 EV+1 Str+1 Int+1 Dex+1}
   (You found it on level 7 of the Lair of Beasts)

   [ring of sustain attributes]

   It sustains your strength, intelligence and dexterity.
   It affects your AC (+1).
   It affects your evasion (+1).
   It affects your strength (+1).
   It affects your intelligence (+1).
   It affects your dexterity (+1).
Wands
 p - a wand of fire (7)
 H - a wand of paralysis (9)
 I - a wand of cold (3)
Scrolls
 e - 3 scrolls of fear
 s - a scroll of identify
 x - 7 scrolls of teleportation
 y - 2 scrolls of recharging
 z - 4 scrolls of blinking
 D - 5 scrolls of remove curse
 R - a scroll of brand weapon
 T - a scroll of summoning
 X - a scroll of fog
Potions
 d - 5 potions of might
 i - 2 potions of flight
 j - 5 potions of haste
 k - a potion of agility {unknown}
 l - 5 potions of lignification
 m - 12 potions of curing
 n - 2 potions of brilliance
 o - a potion of beneficial mutation {unknown}
 r - a potion of berserk rage
 w - 2 potions of cancellation
 C - a potion of mutation {unknown}
 F - 3 potions of ambrosia
 K - 4 potions of poison {unknown}
 N - 7 potions of heal wounds
 O - a potion of magic {unknown}
 P - a potion of cure mutation
 S - a potion of resistance
Comestibles
 c - 12 bread rations
 u - 15 meat rations
 B - a royal jelly


   Skills:
 - Level 16.4 Fighting
 - Level 16.5 Axes
 - Level 10.3 Throwing
 - Level 16.0 Armour
 + Level 6.0 Dodging


You had 14 spell levels left.
You didn't know any spells.

Dungeon Overview and Level Annotations

Branches:
Dungeon (13/15)            Temple (0/1) D:7            Lair (7/8) D:9
 Shoals (0/4) Lair:4       Spider (0/4) Lair:4          Orc (4/4) D:9
    Elf (0/3) Orc:4
  Slime: Lair:6-8    Vaults: D:13-14

Altars:
Dithmenos
Elyvilon
Fedhas
Makhleb
Sif Muna
Yredelemnul
Zin

Shops:
D:6 [   D:13 *   Orc:4 !=([

Annotations:
Lair:3 exclusion: oklob plant


Innate Abilities, Weirdness & Mutations

You reflexively headbutt those who attack you in melee.
You have a pair of horns on your head.


Message History

The iron troll claws you.
* * * LOW HITPOINT WARNING * * *
The iron troll claws you but does no damage.
You slash the iron troll! You burn the iron troll.
You headbutt the iron troll, but do no damage.
The iron troll is severely wounded.
You slash something! You burn something.
Reactivating autopickup.
Your Dodging skill increases to level 6!
You feel a bit more experienced.
You hit the iron troll but do no damage.
You headbutt the iron troll!!
The iron troll is almost dead.
You slash the two-headed ogre! You burn the two-headed ogre.
The two-headed ogre is moderately wounded.
The two-headed ogre hits you with a giant club.
* * * LOW HITPOINT WARNING * * *
The two-headed ogre hits you but does no damage.
The iron troll bites you!
You die...

### #..
..########
..#$..O..#
#.#..@Tk.#
#.#.####.#
#.#.# #...#
#...# #...#
#.#.# ...
#.#.######...
#............


You could see an iron troll, a lindwurm shaped shifter and a two-headed ogre.

Vanquished Creatures
  Donald (Orc:4)
  A frost giant (IceCv)
  7 hydras
  Harold (Lair:3)
  2 catoblepae (Lair:4)
  The ghost of Musteatbrain the End of an Era, a journeyman DsFi of Qazlal (D:11)
  The ghost of grizfap the Nimble, a novice DrBe of Trog (D:11)
  2 death yaks
  A queen ant (Lair:7)
  5 orc high priests (Orc:4)
  A shadow wraith (D:13)
  2 unseen horrors
  2 hill giants
  7 orc knights
  Pikel (D:7)
  3 ugly things
  3 griffons
  An octopode (shapeshifter) (D:13)
  7 elephants
  An ice statue (IceCv)
  Psyche (D:11)
  4 black mambas
  7 spiny frogs
  A gargoyle (D:10)
  2 fire drakes
  3 komodo dragons
  3 trolls
  2 kobold demonologists
  A fire drake (shapeshifter) (D:13)
  16 polar bears
  Prince Ribbit (D:8)
  A two-headed ogre (D:3)
  A redback (Lair:4)
  A trapdoor spider (D:13)
  65 yaks
  A wraith (D:10)
  A human (D:7)
  7 hippogriffs
  5 vampire mosquitoes
  Grum (D:8)
  6 basilisks
  4 wyverns
  27 wolves
  5 soldier ants (Lair:7)
  Menkaure (D:6)
  A hungry ghost (D:10)
  Edmund (D:5)
  4 wargs
  A human (shapeshifter) (D:13)
  11 sky beasts
  11 water moccasins
  5 porcupines
  A necrophage (D:8)
  39 orc warriors
  3 phantoms
  12 ogres
  4 centaurs
  12 crocodiles
  A brain worm (Lair:5)
  Blork the orc (D:6)
  4 gnoll sergeants (D:9)
  4 big kobolds
  17 giant frogs
  A wyvern skeleton (D:9)
  16 killer bees
  5 scorpions
  11 wights
  9 crimson imps
  A wasp zombie (D:10)
  2 centaur zombies
  2 giant frog zombies
  2 centaur skeletons
  35 orc wizards
  38 orc priests
  Ijyb (D:3)
  3 hounds
  A jelly (D:11)
  A quasit (D:5)
  9 iguanas
  13 worker ants
  4 giant frog skeletons
  16 sheep
  A killer bee zombie (D:11)
  2 hound zombies
  A hound skeleton (D:4)
  A worker ant zombie (D:9)
  A gnoll (D:9)
  3 shadow imps
  12 adders
  31 river rats
  12 white imps (Lair:7)
  An ooze (D:4)
  An adder skeleton (D:6)
  2 worms
  7 giant geckos
  181 orcs
  4 bats (D:3)
  4 giant cockroaches
  9 goblins
  7 hobgoblins
  4 quokkas
  A ball python (D:2)
  A giant gecko skeleton (D:4)
  7 giant newts
  14 jackals
  14 kobolds
  A quokka zombie (D:6)
  7 rats
  9 fungi
  5 plants
862 creatures vanquished.

Vanquished Creatures (collateral kills)
  Sonja (Lair:3)
  Nergalle (Orc:3)
  2 orcs (Orc:3)
4 creatures vanquished.

Vanquished Creatures (others)
  3 slaves (D:7)
  A centaur (D:7)
  A scorpion (D:7)
  A wight (D:9)
  A quasit (D:7)
  An iguana (D:7)
  8 fungi
  9 plants
25 creatures vanquished.

Grand Total: 891 creatures vanquished

Notes
Turn   | Place    | Note
--------------------------------------------------------------
     0 | D:1      | Kloppie the Minotaur Berserker began the quest for the Orb.
     0 | D:1      | Reached XP level 1. HP: 19/19 MP: 0/0
   139 | D:1      | Reached skill level 4 in Fighting
   139 | D:1      | Reached XP level 2. HP: 27/27 MP: 1/1
   824 | D:2      | Found a shadowy altar of Dithmenos.
   958 | D:2      | Reached XP level 3. HP: 33/33 MP: 2/2
  1109 | D:2      | Found a faded altar to an unknown god.
  1234 | D:2      | Reached ** piety under Trog
  1597 | D:3      | Found a burning altar of Makhleb.
  1600 | D:3      | Found a white marble altar of Elyvilon.
  1603 | D:3      | Found a basalt altar of Yredelemnul.
  1632 | D:3      | Noticed Ijyb
  1648 | D:3      | Killed Ijyb
  1648 | D:3      | Reached XP level 4. HP: 33/41 MP: 3/3
  1692 | D:3      | Noticed a two-headed ogre
  1697 | D:3      | Killed a two-headed ogre
  1697 | D:3      | Reached skill level 5 in Fighting
  1697 | D:3      | Reached skill level 5 in Axes
  1697 | D:3      | Reached XP level 5. HP: 42/48 MP: 4/4
  1825 | D:3      | Reached XP level 6. HP: 56/56 MP: 5/5
  2019 | D:3      | Reached *** piety under Trog
  2046 | D:3      | Reached skill level 5 in Armour
  2407 | D:4      | Reached skill level 6 in Fighting
  2410 | D:4      | Reached XP level 7. HP: 63/63 MP: 6/6
  2777 | D:5      | Entered Level 5 of the Dungeon
  2811 | D:5      | Noticed Edmund
  2826 | D:5      | Killed Edmund
  2826 | D:5      | Reached skill level 7 in Fighting
  2920 | D:5      | Found a blossoming altar of Fedhas.
  3297 | D:6      | Reached XP level 8. HP: 71/73 MP: 7/7
  3319 | D:6      | Noticed Menkaure
  3325 | D:6      | Killed Menkaure
  3468 | D:6      | Reached skill level 8 in Fighting
  3469 | D:6      | Reached **** piety under Trog
  3808 | D:6      | Noticed Blork the orc
  3815 | D:6      | Killed Blork the orc
  4094 | D:6      | Found Uter's Antique Armour Shoppe.
  4277 | D:7      | Noticed Pikel
  4289 | D:7      | Killed Pikel
  4289 | D:7      | Reached skill level 9 in Fighting
  4289 | D:7      | Reached XP level 9. HP: 74/83 MP: 8/8
  4290 | D:7      | Found a staircase to the Ecumenical Temple.
  4937 | D:7      | Reached ***** piety under Trog
  4937 | D:7      | Reached skill level 10 in Fighting
  5135 | D:8      | Noticed Grum
  5143 | D:8      | Reached skill level 10 in Axes
  5152 | D:8      | Killed Grum
  5152 | D:8      | Reached skill level 10 in Armour
  5486 | D:8      | Noticed Prince Ribbit
  5621 | D:8      | Reached XP level 10. HP: 92/94 MP: 9/9
  5901 | D:8      | Reached skill level 11 in Fighting
  5927 | D:8      | Killed Prince Ribbit
  6185 | D:9      | Found a staircase to the Lair.
  6623 | D:9      | Found a staircase to the Orcish Mines.
  6841 | D:9      | Reached skill level 12 in Fighting
  7466 | Lair:1   | Entered Level 1 of the Lair of Beasts
  7627 | Lair:1   | Reached XP level 11. HP: 84/104 MP: 10/10
  9439 | Lair:2   | You fall through a shaft!
  9439 | Lair:3   | Noticed a catoblepas
  9466 | Lair:2   | Received a gift from Trog
 10345 | Lair:3   | Reached skill level 13 in Fighting
 10376 | Lair:3   | Noticed Harold
 10387 | Lair:3   | Killed Harold
 10658 | Lair:3   | Noticed Sonja
 10663 | Lair:3   | Killed Sonja
 11162 | Lair:4   | Found a staircase to the Shoals.
 11213 | Lair:4   | Found a hole to the Spider Nest.
 11246 | Lair:4   | Received a gift from Trog
 11375 | Lair:4   | Reached XP level 12. HP: 105/116 MP: 11/11
 11623 | Lair:4   | Killed a catoblepas
 11652 | Lair:4   | Noticed a catoblepas
 11667 | Lair:4   | HP: 2/174 [catoblepas (19)]
 11668 | Lair:4   | Killed a catoblepas
 11970 | Lair:4   | Reached skill level 14 in Fighting
 13500 | Lair:5   | Noticed a seven-headed hydra
 13512 | Lair:5   | Killed a three-headed hydra
 14172 | Lair:6   | Reached skill level 15 in Fighting
 14199 | Lair:6   | Noticed a four-headed hydra
 14206 | Lair:6   | Killed a one-headed hydra
 14259 | Lair:6   | Reached XP level 13. HP: 85/126 MP: 10/12
 14381 | Lair:6   | Reached skill level 15 in Axes
 14547 | Lair:7   | Got a ring of the Octopus King
 14580 | Lair:7   | Found a frozen archway.
 14584 | Lair:7   | Received a gift from Trog
 14616 | Lair:7   | Identified a ring of the Octopus King {SustAt AC+1 EV+1 Str+1 Int+1 Dex+1} (You found it on level 7 of the Lair of Beasts)
 14619 | IceCv    | Entered an ice cave
 14698 | IceCv    | Reached skill level 15 in Armour
 14702 | IceCv    | Received a gift from Trog
 15277 | IceCv    | Noticed a frost giant
 15286 | IceCv    | Killed a frost giant
 15286 | IceCv    | Reached skill level 16 in Fighting
 17176 | Orc:1    | Entered Level 1 of the Orcish Mines
 17407 | Orc:1    | Reached XP level 14. HP: 138/138 MP: 13/13
 18215 | Orc:3    | Reached skill level 1 in Throwing
 18469 | Orc:3    | Received a gift from Trog
 18528 | Orc:4    | Entered Level 4 of the Orcish Mines
 18529 | Orc:4    | Noticed Donald
 18547 | Orc:4    | Killed Donald
 18570 | Orc:4    | Found a staircase to the Elven Halls.
 18574 | Orc:4    | Received a gift from Trog
 18780 | Orc:3    | Noticed Nergalle
 18786 | Orc:3    | Killed Nergalle
 18786 | Orc:3    | Received a gift from Trog
 18972 | Orc:2    | Found a deep blue altar of Sif Muna.
 19832 | Orc:4    | Reached skill level 5 in Throwing
 20540 | Orc:4    | Received a gift from Trog
 20837 | Orc:4    | Found Nurph's Distillery.
 20839 | Orc:4    | Found Minwitoirph's Weapon Emporium.
 20839 | Orc:4    | Found Keuqunuf's Jewellery Shoppe.
 20840 | Orc:4    | Found Worejeg's Armour Shoppe.
 20851 | Orc:4    | Bought a potion of heal wounds for 60 gold pieces
 20855 | Orc:4    | Bought the +3 scale mail of Noughts and Crosses {rF+ Slay+6} for 814 gold pieces
 21068 | D:10     | Entered Level 10 of the Dungeon
 21074 | D:10     | Reached ****** piety under Trog
 21074 | D:10     | Received a gift from Trog
 21429 | D:10     | Found a glowing silver altar of Zin.
 21803 | D:10     | Received a gift from Trog
 21874 | D:11     | Noticed grizfap's ghost (novice DrBe)
 21889 | D:11     | Killed grizfap's ghost
 21971 | D:11     | Noticed Musteatbrain's ghost (journeyman DsFi)
 21981 | D:11     | Killed Musteatbrain's ghost
 22490 | D:11     | Noticed Psyche
 22492 | D:11     | Killed Psyche
 22492 | D:11     | Reached skill level 10 in Throwing
 22513 | D:11     | Received a gift from Trog
 22805 | D:12     | Received a gift from Trog
 23426 | D:13     | Reached skill level 5 in Dodging
 23468 | D:13     | Found Mutae's Assorted Antiques.
 23485 | D:13     | Bought a scroll of identify for 42 gold pieces
 23485 | D:13     | Bought a small granite ring for 105 gold pieces
 23596 | D:13     | Reached XP level 15. HP: 93/145 MP: 11/14
 23618 | D:13     | HP: 10/217 [iron troll (5)]
 23620 | D:13     | Mangled by an iron troll

Action                   |  1- 3 |  4- 6 |  7- 9 | 10-12 | 13-15 || total
-------------------------+-------+-------+-------+-------+-------++-------
Melee: Hand axe          |    79 |    83 |     2 |       |       ||   164
       War axe           |       |       |   151 |       |       ||   151
       Battleaxe         |       |       |   116 |   625 |   985 ||  1726
Invok: Berserk           |       |     2 |     2 |     3 |     1 ||     8
       Trog's Hand       |       |     1 |       |     6 |     8 ||    15
       Brothers in Arms  |       |       |       |     1 |     1 ||     2
  Use: Scroll            |    13 |       |     2 |    13 |     4 ||    32
  Eat: Chunk             |     2 |     4 |    14 |    20 |    32 ||    72
       Meat ration       |       |       |       |     2 |       ||     2
       Pizza             |       |       |       |     1 |     1 ||     2
